NYP
LOS ANGELES (NYP) ANGELS @ MAHONING VALLEY SCRAPPERS
07/09/2048
 
TOP OF THE 1ST
Los Angeles (NYP) Angels batting - Pitching for Mahoning Valley Scrappers : RHP Josh Hughes
Pitching: RHP Josh Hughes
Batting: RHB Dan Myers 0-0: Ground out 1-3 (Groundball, P, EV 67.5 MPH)
Batting: RHB Rory Cobb 0-0: Swinging Strike
0-1: Ball
1-1: Ball
2-1: Swinging Strike
2-2: Foul Ball, location: 2F
2-2: Strikes out looking
Batting: RHB Sean Rocha 0-0: Ball
1-0: Foul Ball, location: 2F
1-1: Swinging Strike
1-2: Ball
2-2: Strikes out swinging
Top of the 1st over - 0 runs, 0 hits, 0 errors, 0 left on base; Los Angeles (NYP) 0 - Mahoning Valley 0
BOTTOM OF THE 1ST
Mahoning Valley Scrappers batting - Pitching for Los Angeles (NYP) Angels : LHP Mark Sanders
Pitching: LHP Mark Sanders
Batting: RHB Juan Ordonez 0-0: Ball
1-0: Bunted foul
1-1: Swinging Strike
1-2: Ball
2-2: Ball
3-2: Ground out 5-3 (Groundball, 5S, EV 67.5 MPH)
Batting: RHB Aaron Stout 0-0: Called Strike
0-1: Foul Ball, location: 2F
0-2: Foul Ball, location: 2F
0-2: Ball
1-2: Foul Ball, location: 2F
1-2: Strikes out swinging
Batting: RHB John Shaffer 0-0: Fly out, F8 (Flyball, 8RS, EV 96.9 MPH)
Bottom of the 1st over - 0 runs, 0 hits, 0 errors, 0 left on base; Los Angeles (NYP) 0 - Mahoning Valley 0
TOP OF THE 2ND
Los Angeles (NYP) Angels batting - Pitching for Mahoning Valley Scrappers : RHP Josh Hughes
Batting: SHB Danny Gelinas 0-0: Ball
1-0: Called Strike
1-1: Ground out U3 (Groundball, 3L, EV 85.6 MPH)
Batting: RHB Dan Burkhart 0-0: SINGLE (Flyball, 78S, EV 93.1 MPH)
Batting: RHB Phil Knox 0-0: Swinging Strike
0-1: Called Strike
0-2: Foul Ball, location: 2F
0-2: Strikes out looking
Batting: LHB Adam Barry 0-0: Called Strike
Dan Burkhart steals 2nd base
0-1: Called Strike
0-2: Ground out 6-3 (Groundball, 6, EV 81.2 MPH)
Top of the 2nd over - 0 runs, 1 hit, 0 errors, 1 left on base; Los Angeles (NYP) 0 - Mahoning Valley 0
BOTTOM OF THE 2ND
Mahoning Valley Scrappers batting - Pitching for Los Angeles (NYP) Angels : LHP Mark Sanders
Batting: RHB Ricky Cordova 0-0: Ball
1-0: Ball
2-0: Called Strike
2-1: Foul Ball, location: 2F
2-2: Ground out 4-3 (Groundball, 4M, EV 103.8 MPH)
Batting: RHB Luis Roman 0-0: Ball
1-0: Ball
2-0: Called Strike
2-1: Ground out 5-3 (Groundball, 56, EV 81.2 MPH)
Batting: RHB Jose Argueta 0-0: Ball
1-0: Foul Ball, location: 2F
1-1: Called Strike
1-2: Ball
2-2: Fly out, F8 (Flyball, 8RM, EV 90.0 MPH)
Bottom of the 2nd over - 0 runs, 0 hits, 0 errors, 0 left on base; Los Angeles (NYP) 0 - Mahoning Valley 0
TOP OF THE 3RD
Los Angeles (NYP) Angels batting - Pitching for Mahoning Valley Scrappers : RHP Josh Hughes
Batting: RHB Davey Verhoog 0-0: Reached via error on a dropped throw from 1B, E1 (Groundball, 34S, EV 81.9 MPH)
Batting: RHB Malachi Ephron 0-0: Called Strike
Davey Verhoog steals 2nd base
0-1: Ball
1-1: Ball
2-1: Ground out 1-3 (Groundball, 13S, EV 69.4 MPH)
Davey Verhoog to third
Batting: RHB Dan Myers 0-0: Ball
1-0: Ball
2-0: DOUBLE (Line Drive, 9LS, EV 96.2 MPH)
Davey Verhoog scores
Batting: RHB Rory Cobb 0-0: Ball
1-0: Ball
2-0: Called Strike
2-1: Foul Ball, location: 2F
2-2: Fly out, F5 (Popup, 15, EV 76.9 MPH)
Batting: RHB Sean Rocha 0-0: Ball
1-0: Ball
2-0: Called Strike
2-1: TRIPLE (Flyball, 9LD, EV 106.9 MPH)
Dan Myers scores
Batting: SHB Danny Gelinas 0-0: Ground out 4-3 (Groundball, 4, EV 100.6 MPH)
Top of the 3rd over - 2 runs, 2 hits, 1 error, 1 left on base; Los Angeles (NYP) 2 - Mahoning Valley 0
BOTTOM OF THE 3RD
Mahoning Valley Scrappers batting - Pitching for Los Angeles (NYP) Angels : LHP Mark Sanders
Batting: RHB Kevin Wiles 0-0: Called Strike
0-1: Ball
1-1: Ball
2-1: Ground out 5-3 (Groundball, 56S, EV 89.4 MPH)
Batting: RHB Nick Gossman 0-0: Called Strike
0-1: Fly out, F7 (Flyball, 78S, EV 89.4 MPH)
Batting: RHB Leo Villa 0-0: Ball
1-0: Called Strike
1-1: SINGLE (Groundball, 6, EV 106.9 MPH)
Batting: RHB Juan Ordonez 0-0: Called Strike
0-1: Ball
1-1: Ball
2-1: Reached on error, E5 (Groundball, 56, EV 88.1 MPH)
Leo Villa to second
Batting: RHB Aaron Stout 0-0: Foul Ball, location: 2F
0-1: Called Strike
0-2: Ball
1-2: Ball
2-2: Ball
3-2: Base on Balls
Leo Villa to third
Juan Ordonez to second
Batting: RHB John Shaffer 0-0: Ball
1-0: Ball
2-0: Called Strike
2-1: Ball
3-1: Base on Balls
Leo Villa scores
Juan Ordonez to third
Aaron Stout to second
Batting: RHB Ricky Cordova 0-0: Ground out 2-3 (Groundball, 15S, EV 74.4 MPH)
Bottom of the 3rd over - 1 run, 1 hit, 1 error, 3 left on base; Los Angeles (NYP) 2 - Mahoning Valley 1
TOP OF THE 4TH
Los Angeles (NYP) Angels batting - Pitching for Mahoning Valley Scrappers : RHP Josh Hughes
Batting: RHB Dan Burkhart 0-0: Called Strike
0-1: Ball
1-1: Ball
2-1: Foul Ball, location: 2F
2-2: Ball
3-2: Base on Balls
Batting: RHB Phil Knox 0-0: Called Strike
Dan Burkhart steals 2nd, throwing error, E2
Dan Burkhart to third
0-1: Fly out, F7 (Flyball, 78M, EV 95.0 MPH)
Pitching: RHP Jonah Syndergaard
Batting: LHB Adam Barry 0-0: Ball
Wild Pitch!
Dan Burkhart scores
1-0: Foul Ball, location: 2F
1-1: Foul Ball, location: 2F
1-2: Strikes out swinging
Batting: RHB Davey Verhoog 0-0: Ball
1-0: Ground out 6-3 (Groundball, 6, EV 87.5 MPH)
Top of the 4th over - 1 run, 0 hits, 1 error, 0 left on base; Los Angeles (NYP) 3 - Mahoning Valley 1
BOTTOM OF THE 4TH
Mahoning Valley Scrappers batting - Pitching for Los Angeles (NYP) Angels : LHP Mark Sanders
Batting: RHB Luis Roman 0-0: Called Strike
0-1: Ball
1-1: Foul Ball, location: 2F
1-2: Ball
2-2: Strikes out swinging
Batting: RHB Jose Argueta 0-0: Called Strike
0-1: Called Strike
0-2: Ball
1-2: Foul Ball, location: 2F
1-2: Foul Ball, location: 2F
1-2: Foul Ball, location: 2F
1-2: Strikes out looking
Batting: RHB Kevin Wiles 0-0: Fly out, F6 (Popup, 6MD, EV 65.0 MPH)
Bottom of the 4th over - 0 runs, 0 hits, 0 errors, 0 left on base; Los Angeles (NYP) 3 - Mahoning Valley 1
TOP OF THE 5TH
Los Angeles (NYP) Angels batting - Pitching for Mahoning Valley Scrappers : RHP Jonah Syndergaard
Batting: RHB Malachi Ephron 0-0: Called Strike
0-1: Foul Ball, location: 2F
0-2: Ball
1-2: Ground out 6-3 (Groundball, 6, EV 85.6 MPH)
Batting: RHB Dan Myers 0-0: Foul Ball, location: 2F
0-1: Swinging Strike
0-2: Ball
1-2: Strikes out swinging
Batting: RHB Rory Cobb 0-0: Ground out 5-3 (Groundball, 5, EV 99.4 MPH)
Top of the 5th over - 0 runs, 0 hits, 0 errors, 0 left on base; Los Angeles (NYP) 3 - Mahoning Valley 1
BOTTOM OF THE 5TH
Mahoning Valley Scrappers batting - Pitching for Los Angeles (NYP) Angels : LHP Mark Sanders
Batting: RHB Nick Gossman 0-0: Ball
1-0: Called Strike
1-1: Ball
2-1: Foul Ball, location: 2F
2-2: Ball
3-2: SINGLE (Line Drive, 78M, EV 105.0 MPH)
Batting: RHB Leo Villa 0-0: Foul Ball, location: 2F
0-1: Swinging Strike
0-2: Foul Ball, location: 2F
0-2: Strikes out swinging
Batting: RHB Juan Ordonez 0-0: Called Strike
0-1: Ball
1-1: Foul Ball, location: 2F
1-2: Ball
2-2: Foul Ball, location: 2F
2-2: Foul Ball, location: 2F
2-2: Ball
3-2: Strikes out looking
Pitching: RHP Owen Prouty
Pinch Hitting: LHB Dave Key 0-0: Ball
1-0: Foul Ball, location: 2F
1-1: Ball
2-1: 2-RUN HOME RUN (Flyball, 9D, EV 96.2 MPH), Distance : 367 ft
Batting: RHB John Shaffer 0-0: SOLO HOME RUN (Flyball, 7D, EV 101.2 MPH), Distance : 386 ft
Batting: RHB Ricky Cordova 0-0: Ground out 6-3 (Groundball, 6, EV 101.2 MPH)
Bottom of the 5th over - 3 runs, 3 hits, 0 errors, 0 left on base; Los Angeles (NYP) 3 - Mahoning Valley 4
TOP OF THE 6TH
Los Angeles (NYP) Angels batting - Pitching for Mahoning Valley Scrappers : RHP Jonah Syndergaard
Now at SS: Ricky Cordova
Now in LF: Gary Ming
Batting: RHB Sean Rocha 0-0: Foul Ball, location: 2F
0-1: SINGLE (Groundball, 5S, EV 68.8 MPH) (infield hit)
Batting: SHB Danny Gelinas Balk!
Sean Rocha to second
0-0: Called Strike
0-1: Swinging Strike
0-2: Strikes out swinging
Batting: RHB Dan Burkhart 0-0: Swinging Strike
0-1: Ball
Sean Rocha steals 3rd base
1-1: Called Strike
Balk!
Sean Rocha scores
1-2: Strikes out looking
Batting: RHB Phil Knox 0-0: Called Strike
0-1: Swinging Strike
0-2: Ball
1-2: Strikes out looking
Top of the 6th over - 1 run, 1 hit, 0 errors, 0 left on base; Los Angeles (NYP) 4 - Mahoning Valley 4
BOTTOM OF THE 6TH
Mahoning Valley Scrappers batting - Pitching for Los Angeles (NYP) Angels : RHP Owen Prouty
Batting: RHB Luis Roman 0-0: Ball
1-0: Swinging Strike
1-1: Swinging Strike
1-2: Ball
2-2: Strikes out looking
Batting: RHB Jose Argueta 0-0: Called Strike
0-1: SINGLE (Groundball, 5S, EV 71.9 MPH) (infield hit)
Batting: RHB Kevin Wiles 0-0: Ball
1-0: Ball
2-0: Foul Ball, location: 2F
2-1: Fly out, F8 (Flyball, 8RXD, EV 86.2 MPH)
Batting: RHB Nick Gossman 0-0: Called Strike
0-1: Ball
Jose Argueta is caught stealing 2nd base 2-4
Bottom of the 6th over - 0 runs, 1 hit, 0 errors, 0 left on base; Los Angeles (NYP) 4 - Mahoning Valley 4
TOP OF THE 7TH
Los Angeles (NYP) Angels batting - Pitching for Mahoning Valley Scrappers : RHP Jonah Syndergaard
Batting: LHB Adam Barry 0-0: Ground out 4-3 (Groundball, 4, EV 99.4 MPH)
Batting: RHB Davey Verhoog 0-0: Ball
1-0: SINGLE (Groundball, 34D, EV 95.6 MPH)
Batting: RHB Malachi Ephron 0-0: Called Strike
Davey Verhoog steals 2nd base
0-1: Swinging Strike
0-2: Ball
Balk!
Davey Verhoog to third
1-2: Foul Ball, location: 2F
1-2: Foul Ball, location: 2F
1-2: Foul Ball, location: 2F
1-2: Ball
2-2: Foul Ball, location: 2F
2-2: Ball
Passed Ball!
Davey Verhoog scores
3-2: Foul Ball, location: 2F
3-2: Ground out 4-3 (Groundball, 4M, EV 83.1 MPH)
Batting: RHB Dan Myers 0-0: Ball
1-0: Called Strike
1-1: Ball
2-1: Ball
3-1: Foul Ball, location: 2F
3-2: Strikes out looking
Top of the 7th over - 1 run, 1 hit, 0 errors, 0 left on base; Los Angeles (NYP) 5 - Mahoning Valley 4
BOTTOM OF THE 7TH
Mahoning Valley Scrappers batting - Pitching for Los Angeles (NYP) Angels : RHP Owen Prouty
Batting: RHB Nick Gossman 0-0: Ball
1-0: Called Strike
1-1: Ball
2-1: Ball
3-1: Base on Balls
Pinch Hitting: LHB Matt Steinke 0-0: Sac Bunt to 3S - play at first, batter OUT! 3-4
Nick Gossman to second
Pinch Hitting: RHB Ricky Butts 0-0: Called Strike
0-1: Called Strike
0-2: Ball
1-2: Foul Ball, location: 2F
1-2: Strikes out swinging
Batting: RHB Gary Ming 0-0: Called Strike
0-1: Ball
1-1: Swinging Strike
1-2: Foul Ball, location: 2F
1-2: SINGLE (Line Drive, 9LS, EV 98.1 MPH)
Nick Gossman to third
Runner from 3rd tries for Home, SAFE, throw by RF to home
Pitching: LHP Tyler MacLean
Batting: RHB John Shaffer 0-0: Ball
1-0: Ball
2-0: SINGLE (Flyball, 9S, EV 95.6 MPH)
Gary Ming to second
Runner from 2nd tries for 3rd, SAFE, throw by RF made to third
Now in RF: Jamie Diebel
Batting: RHB Ricky Cordova 0-0: Ball
1-0: Foul Ball, location: 2F
1-1: Ball
2-1: Ball
3-1: Base on Balls
John Shaffer to second
Batting: RHB Luis Roman 0-0: Ball
1-0: Ground out 2-3 (Groundball, 2R, EV 73.8 MPH)
Bottom of the 7th over - 1 run, 2 hits, 0 errors, 3 left on base; Los Angeles (NYP) 5 - Mahoning Valley 5
TOP OF THE 8TH
Los Angeles (NYP) Angels batting - Pitching for Mahoning Valley Scrappers : RHP Jonah Syndergaard
Now in CF: Jonathan Livingston
Now in RF: Jaquan Brown
Batting: RHB Rory Cobb 0-0: Called Strike
0-1: SINGLE (Groundball, 34D, EV 102.5 MPH)
Batting: RHB Sean Rocha 0-0: Called Strike
0-1: Swinging Strike
0-2: Ball
1-2: Foul Ball, location: 2F
1-2: Ball
2-2: SINGLE (Flyball, 34D, EV 89.4 MPH)
Rory Cobb to second
Batting: SHB Danny Gelinas 0-0: Reached on error, E4 (Groundball, 4, EV 86.2 MPH)
Rory Cobb to third
Sean Rocha to second
Batting: RHB Dan Burkhart 0-0: Swinging Strike
0-1: Ball
Balk!
Rory Cobb scores
Sean Rocha to third
Danny Gelinas to second
1-1: Swinging Strike
1-2: Ground out 5-3 (Groundball, 25, EV 85.6 MPH)
Batting: RHB Phil Knox 0-0: Ball
Wild Pitch!
Sean Rocha scores
Danny Gelinas to third
1-0: Foul Ball, location: 2F
1-1: Ground out 6-3 (Groundball, 6, EV 101.9 MPH)
Danny Gelinas scores
Batting: LHB Adam Barry 0-0: Ball
1-0: Ground out 4-3 (Groundball, 4S, EV 75.6 MPH)
Top of the 8th over - 3 runs, 2 hits, 1 error, 0 left on base; Los Angeles (NYP) 8 - Mahoning Valley 5
BOTTOM OF THE 8TH
Mahoning Valley Scrappers batting - Pitching for Los Angeles (NYP) Angels : LHP Tyler MacLean
Batting: RHB Jose Argueta 0-0: Reached on error, E4 (Groundball, 4, EV 105.6 MPH)
Batting: RHB Kevin Wiles 0-0: Ball
1-0: Ball
2-0: SINGLE (Groundball, 34D, EV 95.0 MPH)
Jose Argueta to second
Runner from 2nd tries for 3rd, SAFE, throw by RF made to third
Batting: RHB Nick Gossman 0-0: Called Strike
0-1: Ball
1-1: Ball
2-1: Fielders Choice at 2nd, 6-4 (Groundball, 6, EV 81.2 MPH)
Jose Argueta scores
Batting: RHB Jonathan Livingston 0-0: Called Strike
0-1: Ball
1-1: Foul Ball, location: 2F
1-2: Ball
2-2: Fly out, F8 (Flyball, 8RD, EV 92.5 MPH)
Batting: RHB Jaquan Brown 0-0: Ball
1-0: Foul Ball, location: 2F
1-1: Ball
2-1: Fly out, F7 (Flyball, 78S, EV 80.6 MPH)
Bottom of the 8th over - 1 run, 1 hit, 1 error, 1 left on base; Los Angeles (NYP) 8 - Mahoning Valley 6
TOP OF THE 9TH
Los Angeles (NYP) Angels batting - Pitching for Mahoning Valley Scrappers : RHP Jonah Syndergaard
Pitching: RHP Eddie Aguilar
Batting: LHB Jamie Diebel 0-0: Foul Ball, location: 2F
0-1: Ball
1-1: Swinging Strike
1-2: Hit by Pitch
Batting: RHB Malachi Ephron 0-0: Called Strike
0-1: Swinging Strike
0-2: Strikes out swinging
Batting: RHB Dan Myers 0-0: Foul Ball, location: 2F
0-1: Ball
1-1: Ball
2-1: SINGLE (Line Drive, 78M, EV 85.0 MPH)
Jamie Diebel to second
Batting: RHB Rory Cobb 0-0: Called Strike
0-1: Fly out, F7 (Flyball, 7, EV 75.6 MPH)
Batting: RHB Sean Rocha 0-0: Foul Ball, location: 2F
0-1: Swinging Strike
0-2: Strikes out swinging
Top of the 9th over - 0 runs, 1 hit, 0 errors, 2 left on base; Los Angeles (NYP) 8 - Mahoning Valley 6
BOTTOM OF THE 9TH
Mahoning Valley Scrappers batting - Pitching for Los Angeles (NYP) Angels : LHP Tyler MacLean
Pitching: RHP Simon Vogel
Batting: RHB Gary Ming 0-0: Ball
1-0: SINGLE (Groundball, 6D, EV 103.8 MPH)
Batting: RHB John Shaffer 0-0: Ball
1-0: Ball
Wild Pitch!
Gary Ming to second
2-0: Ground out 5-3 (Groundball, 5, EV 98.1 MPH)
Batting: RHB Ricky Cordova 0-0: Foul Ball, location: 2F
0-1: Swinging Strike
0-2: Ball
1-2: Strikes out looking
Batting: RHB Luis Roman 0-0: SINGLE (Groundball, 56D, EV 100.0 MPH)
Gary Ming to third
Batting: RHB Jose Argueta 0-0: Ball
1-0: Ball
2-0: Ball
3-0: Called Strike
3-1: Ground out 4-3 (Groundball, 4, EV 108.1 MPH)
Bottom of the 9th over - 0 runs, 2 hits, 0 errors, 2 left on base; Los Angeles (NYP) 8 - Mahoning Valley 6
Tuesday, March 28th , 2023 - OOTP Baseball 23.10 Build 110